 Dungeon Crawl Stone Soup version 0.19.4 (webtiles) character file.

322 Gargoyl the Skirmisher (level 6, 0/52 HPs)
             Began as a Ghoul Abyssal Knight on Feb 4, 2017.
             Was a Believer of Lugonu.
             Slain by an ogre
             ... wielding a +0 giant club
              (23 damage)
             ... on level 4 of the Dungeon.
             The game lasted 00:07:10 (3002 turns).

Gargoyl the Skirmisher (Ghoul Abyssal Knight)       Turns: 3002, Time: 00:07:10

Health: 0/52       AC: 10    Str: 15 (16) XL:     6   Next: 47%
Magic:  7/7        EV:  6    Int:  4 (7)  God:    Lugonu [**....]
Gold:   100        SH:  0    Dex:  8 (10) Spells: 0 memorised, 5 levels left

rFire  . . .     SeeInvis .     a - +1 hand axe
rCold  + . .     Gourm    .     o - +0 chain mail
rNeg   + + +     Faith    .     (no shield)
rPois  ∞         Spirit   .     (no helmet)
rElec  .         Reflect  .     h - +0 cloak
rCorr  +         Harm     .     (no gloves)
MR     +....                    (no boots)
Stlth  ..........               (no amulet)
                                p - ring of resist corrosion
                                d - ring of protection from magic

@: rotting
A: rotting body, claws 1, carnivore 3, cold resistance 1, negative energy
resistance 3, slow regeneration 1, torment resistance, unbreathing
a: Depart the Abyss, Bend Space, Renounce Religion


You were on level 4 of the Dungeon.
You worshipped Lugonu.
Lugonu was pleased with you.
You were not hungry.

You visited 1 branch of the dungeon, and saw 4 of its levels.
You visited the Abyss 1 time.

You collected 100 gold pieces.

Inventory:

Hand Weapons
 a - a +1 hand axe (weapon)
Armour
 h - a +0 cloak (worn)
 o - a +0 chain mail (worn)
Jewellery
 d - a ring of protection from magic (left claw)
 p - a ring of resist corrosion (right claw)
Scrolls
 e - a scroll of identify
 j - 3 scrolls of remove curse
Potions
 b - a potion of haste
 f - 2 potions of magic
 i - a potion of curing
 l - 2 potions of might {unknown}
Comestibles
 c - a meat ration
 g - a beef jerky
 k - 4 chunks of flesh


   Skills:
 + Level 4.0 Fighting
 + Level 3.4 Axes
 * Level 3.8 Armour
 + Level 1.2 Dodging
 * Level 3.7 Invocations


You had 5 spell levels left.
You didn't know any spells.

Dungeon Overview and Level Annotations

Branches:
Dungeon (4/15)
 Temple: D:4-7

Altars:
Ashenzari
Fedhas
Uskayaw


Innate Abilities, Weirdness & Mutations

Your body is rotting away.
You thrive on raw meat.
You are immune to poison.
You have sharp fingernails.
You are carnivorous and can eat meat at any time.
Your flesh is cold resistant. (rC+)
You are immune to negative energy. (rN+++)
You regenerate slowly when monsters are visible.
You are immune to unholy pain and torment.
You can survive without breathing.


Message History

You climb downwards.
An ogre comes into view. It is wielding a giant club.
The ogre shouts!
Found a scroll labeled ANLIAZ AHUM.
There is a stone staircase leading up here.
You slash the ogre!
The ogre is moderately wounded.
The ogre hits you with a giant club.
You hit the ogre.
The ogre is heavily wounded.
You hit the ogre.
The ogre is heavily wounded.
The ogre hits you with a giant club.
You hit the ogre but do no damage.
The ogre is heavily wounded.
The ogre hits you with a giant club!!
You hit the ogre.
The ogre is severely wounded.
The ogre hits you with a giant club!!
You die...

########
..#...##
#.....#
+.....#
#..@..#
#.O...#
###..##
#.?#
....
.....
.....
.......


You could see an ogre.

Vanquished Creatures
  A necrophage (D:3)
  An orc priest (D:3)
  Natasha (twice) (D:2)
  7 adders
  3 worms
  3 leopard geckos
  7 orcs
  A giant cockroach (D:3)
  6 goblins
  12 hobgoblins
  6 jackals (D:1)
  A quokka (D:3)
  8 ball pythons (D:3)
  11 bats
  2 frilled lizards
  3 kobolds (D:3)
  7 rats
81 creatures vanquished.

Notes
Turn   | Place    | Note
-------+----------+-------------------------------------------
     0 | Abyss:1  | Gargoyl the Ghoul Abyssal Knight began the quest for the Orb.
     0 | Abyss:1  | Reached XP level 1. HP: 19/19 MP: 1/1
     2 | Abyss:1  | Found a corrupted altar of Lugonu.
     3 | Abyss:1  | Found a corrupted altar of Lugonu.
    40 | Abyss:1  | Noticed a small abomination
    64 | Abyss:1  | Noticed a rust devil
    65 | Abyss:1  | Noticed an efreet
    66 | D:1      | Escaped the Abyss
   188 | D:1      | Reached XP level 2. HP: 18/26 MP: 2/2
   395 | D:1      | Reached * piety under Lugonu
   480 | D:1      | Reached skill level 1 in Dodging
   681 | D:1      | Reached XP level 3. HP: 26/31 MP: 3/3
  1039 | D:2      | Noticed Natasha
  1055 | D:2      | Killed Natasha
  1055 | D:2      | Reached XP level 4. HP: 18/40 MP: 3/5
  1221 | D:2      | Found a shattered altar of Ashenzari.
  1778 | D:2      | Found a hide-covered altar of Uskayaw.
  1779 | D:2      | Noticed a dagger
  1779 | D:2      | Noticed a dagger
  1935 | D:3      | Noticed Natasha
  1963 | D:2      | Killed Natasha
  1963 | D:2      | Reached XP level 5. HP: 24/46 MP: 6/6
  2233 | D:3      | Found a blossoming altar of Fedhas.
  2250 | D:3      | Noticed a necrophage
  2266 | D:3      | Killed a necrophage
  2266 | D:3      | Reached skill level 4 in Fighting
  2266 | D:3      | Reached XP level 6. HP: 51/52 MP: 7/7
  2422 | D:3      | Reached ** piety under Lugonu
  3002 | D:4      | Slain by an ogre

Skill      XL: |  1  2  3  4  5 |
---------------+----------------+-----
Axes           | 2 3 |  3.4
Armour         | 2 3 |  3.8
Dodging        | 1 |  1.2
Invocations    | 3 |  3.7
Fighting       | 4 |  4.0

Action                   |  1- 3 |  4- 6 || total
-------------------------+-------+-------++-------
Melee: Hand axe          |   102 |   204 ||   306
Invok: Depart the Abyss  |     1 |       ||     1
  Use: Potion            |     1 |     6 ||     7
       Scroll            |     2 |     4 ||     6
  Eat: Chunk             |    15 |    17 ||    32
Armor: Leather armour    |    27 |       ||    27
       Scale mail        |    34 |     8 ||    42
       Chain mail        |       |   148 ||   148
Dodge: Dodged            |    78 |    93 ||   171
